 Dungeon Crawl Stone Soup version 0.30-a0-38-g011bda1208 (webtiles) character file.

Game seed: 5905616069537357199

9 Anathary the Sneak (level 2, -3/14 HPs)
             Began as a Spriggan Brigand on Aug 28, 2022.
             Slain by a kobold
             ... wielding a +2 short sword of protection
              (4 damage)
             ... on level 1 of the Dungeon.
             The game lasted 00:03:55 (346 turns).

Anathary the Sneak (Spriggan Brigand)                Turns: 346, Time: 00:03:56

Health: -3/14      AC:  3    Str:  7    XL:     2   Next: 3%
Magic:  3/3        EV: 16    Int: 12    God:
Gold:   9          SH:  0    Dex: 16    Spells: 1/1 levels left

rFire   . . .      SeeInvis +    a - +2 dagger
rCold   . . .      Faith    .    (no shield)
rNeg    . . .      Spirit   .    b - +0 robe
rPois   .          Reflect  .    (helmet restricted)
rElec   .          Harm     .    c - +0 cloak
rCorr   .          Rampage  .    (gloves unavailable)
Will    .....                    (boots unavailable)
Stlth   +++.......               (no amulet)
HPRegen 0.04/turn                (no ring)
MPRegen 0.08/turn                (no ring)

@: very quick
A: very small, no large weapons, unfitting armour, see invisible, speed 3
a: no special abilities


You were on level 1 of the Dungeon.
You visited 1 branch of the dungeon, and saw 1 of its levels.

You collected 9 gold pieces.

Inventory:

Hand Weapons
 a - a +2 dagger (weapon)
Missiles
 d - 9 poisoned darts (quivered)
 e - 3 curare-tipped darts
Armour
 b - a +0 robe (worn)
 c - a +0 cloak (worn)
Scrolls
 f - a scroll of identify {unknown}
 g - 2 scrolls of teleportation {unknown}
 h - a scroll of immolation {unknown}


   Skills:
 + Level 1.5 Fighting
 * Level 2.3 Short Blades
 - Level 2.0 Throwing
 * Level 1.4 Dodging
 * Level 6.5 Stealth


You had one spell level left.
You didn't know any spells.
Your spell library was empty.

Dungeon Overview and Level Annotations

Branches:
Dungeon (1/15)

Altars:


Innate Abilities, Weirdness & Mutations

You are very small and have problems with some larger weapons.
You are too small for most types of armour.
You have supernaturally acute eyesight. (SInv)
You cover ground extremely quickly. (Speed+++)


Message History

You now have 9 gold pieces.
A kobold comes into view.
It is wielding a +2 short sword of protection.
A hobgoblin comes into view.
The kobold shouts!
The hobgoblin shouts!
You hear an angry hiss.
The kobold throws a stone.
The stone closely misses you. The kobold completely misses you.
A frilled lizard comes into view.
The hobgoblin misses you.
The kobold hits you with a +2 short sword of protection.
You hit the kobold. Your punch misses the kobold.
The kobold is severely wounded.
The kobold hits you with a +2 short sword of protection.
The hobgoblin misses you.
You completely miss the kobold.
The kobold is severely wounded.
The kobold misses you. The hobgoblin completely misses you.
You miss the kobold.
The kobold is severely wounded.
The kobold closely misses you. The hobgoblin closely misses you.
You barely miss the kobold.
The kobold is severely wounded.
You hit the kobold but do no damage.
The kobold is severely wounded.
The kobold hits you with a +2 short sword of protection.
* * * LOW HITPOINT WARNING * * *
The frilled lizard bites you.
* * * LOW HITPOINT WARNING * * *
The hobgoblin hits you but does no damage.
You closely miss the kobold.
The kobold is severely wounded.
The kobold hits you but does no damage. The frilled lizard barely misses you.
The hobgoblin closely misses you.
You hit the kobold but do no damage.
The kobold is severely wounded.
The kobold barely misses you. The hobgoblin barely misses you.
The frilled lizard completely misses you.
You barely miss the kobold.
The kobold is severely wounded.
The kobold hits you with a +2 short sword of protection.
You die...

####.#......#............
#.#.........
###.#.........
#...........#..
...#.#.......#.. #
#.#..........
#............
###..K...### #..@...#
......gl..#....
............###
............##
......#....##
......#....# ......#....#
#### #....#


You could see a hobgoblin, a kobold and a frilled lizard.

Vanquished Creatures
  A ball python (D:1)
  A bat (D:1)
  A giant cockroach (D:1)
  A goblin (D:1)
  A hobgoblin (D:1)
  A kobold (D:1)
  2 rats (D:1)
8 creatures vanquished.

Notes
Turn   | Place    | Note
-------+----------+-------------------------------------------
     0 | D:1      | Anathary the Spriggan Brigand began the quest for the Orb.
     0 | D:1      | Reached XP level 1. HP: 10/10 MP: 2/2
    60 | D:1      | Reached skill level 6 in Stealth
   298 | D:1      | Reached XP level 2. HP: 14/14 MP: 3/3
   346 | D:1      | Slain by a kobold

Illustrated notes

Levels and vault maps discovered:
D:1:      psy_arrival_fountain, layout_rooms

Skill      XL: |  1 |
---------------+----+-----
Stealth        | 6 |  6.5
Fighting       | |  1.5
Short Blades   | |  2.3
Throwing       | |  2.0
Dodging        | |  1.4

Action                   || total
-------------------------++-------
Melee: Dagger            ||    21
 Stab: Sleeping          ||     4
Armor: Robe              ||     3
Dodge: Dodged            ||    16

Table legend: (Time is in decaauts)
 A = Elapsed time spent in this place.
 B = Non-inter-level travel time spent in this place.
 C = Inter-level travel time spent in this place.
 D = Time resting spent in this place.
 E = Time spent auto-exploring this place.
 F = Levels seen in this place.
 G = Mean time per level.
                   A        B        C        D        E       F      G
               +--------+--------+--------+--------+--------+-----+--------+
         Total |    263 |    261 |      2 |    117 |     12 |   1 |  263.0 |
       Dungeon |    263 |    261 |      2 |    117 |     12 |   1 |  263.0 |
               +--------+--------+--------+--------+--------+-----+--------+

Top non-repeatable levels by time:
     D:1: 263 daAuts
